woodfighter, lawful female giant Barbarian #*#####-- ------ --- ####*#...### |..|.--- --.. --#....# * ---......| ...--- . |..*..-#*## |........| ...... .-# -##.---..-# ## |........| ......-- --.-----|...| #-..-###*|........-- -*.....| |...--..J.--# ##...####.........-- |... ..--- ---..|..)@..#* -#.....##....---..| ---... ..... |.)^-#.#-*--- # #-.-#.##....| ---- |.....--...---.-#...|#.-# *# #-##.......-- -----.....||...|...#-.----..### ## -#.---.......| .........--..-|%--%.[|`|[[..| # #..<.........| -.........|%-#.--# [...-- |............| --.........*....| -#..--- --..........## -----....%>.......-- --....--------..........-##- -..*........%.....| |......||..|.............|.#-- |.........--.......| --- |......||....................| |........- #(..........| --...-----.--................| #--...... --....---- | |...| ---|.......|.---..--- |..|..- ---..| --..| --.---.---- |..| ------ ---- ---- --- --- ---- woodfighter the Bandit Experience level: 9 Strength: 18/01 Dexterity: 17 Constitution: 18 Intelligence: 7 Wisdom: 6 Charisma: 7 Health: 0(74) Energy: 13(13) Def: 12 Gold: 0 Moves: 12985 Dungeon seed: nM7HOg4UN4Jac65M Game ID: woodfighter_1538075221 Your Inventory: Weapons a - a blessed +0 battle-axe named Mighty Axe (weapon in hand) Armor e - an uncursed +0 dented pot (being worn) t - an uncursed +0 pair of jumping boots (being worn) Comestibles c - 2 uncursed tripe rations h - an uncursed carrot A - 4 uncursed food rations Z - an uncursed lizard corpse Rings i - an uncursed ring of see invisible (on left hand) Wands d - a wand of death (0:6) f - a wand of teleportation (0:3) Tools q - a -1 unicorn horn s - an uncursed bag of holding y - an uncursed skeleton key W - an uncursed towel Y - a cursed magic lamp (lit) Gems G - an uncursed luckstone Q - an uncursed touchstone Boulders/Statues o - an uncursed boulder r - an uncursed boulder w - an uncursed boulder J - an uncursed boulder N - an uncursed boulder Contents of the bag of holding: 2315 gold pieces 2 uncursed eucalyptus leaves an uncursed lizard corpse 2 uncursed sprigs of wolfsbane a [cursed] scroll of blank paper 2 [uncursed] scrolls of blank paper a [blessed] scroll of blank paper a [uncursed] scroll of create monster 2 [uncursed] scrolls of identify a [cursed] scroll of identify a [blessed] scroll of identify 2 [uncursed] potions of water an uncursed [+0] pick-axe Spells and supernatural/magical abilities: Name Level Category Fail Memory W - pray for help -- divine ? -- Y - supernatural jump -- ability ? -- Your skills at the end: Miscellaneous Skills bare handed combat [Basic] Weapon Skills axe [Expert] short sword [Basic] sling [Basic] Spellcasting Skills Final Attributes: You were piously aligned. You were poison resistant. Your writing hand was ok. You saw invisible. You were telepathic. You had infravision. You were very stealthy. You could jump. You were fast. You were lucky. You had extra luck. Bad luck did not time out for you. Good luck did not time out for you. You are dead. Vanquished creatures: a young orange dragon a ghost 2 giant mimics 3 large mimics 3 quantum mechanics 3 small mimics a large dog a large cat a tiger a pit viper a soldier a leprechaun 2 lizards an orc-captain a giant spider 2 gnome kings an orc mummy a brown pudding an owlbear 2 chickatrices 2 jaguars a gray unicorn a dust vortex a raven a plains centaur a Woodland-elf 4 human zombies a rope golem 5 soldier ants a fire ant 2 yellow lights 3 bugbears an imp a baby crocodile 4 wood nymphs 6 Uruk-hai 2 rock moles 2 rock piercers a pony a shrieker 2 violet fungi 18 gnome lords 4 gnomish wizards a black naga hatchling a golden naga hatchling a gray ooze a paper golem 4 jellyfish 2 puppies 2 floating eyes a kitten 4 dwarves 2 homunculi a kobold lord 3 iguanas 17 hill orcs 5 rothes a rabid rat 2 giant bats a monkey 4 dwarf zombies 5 coyotes 2 gas spores 3 hobbits 2 acid blobs 3 large kobolds 8 geckos 4 hobgoblins 8 giant rats 3 cave spiders a brown mold 3 yellow molds 3 green molds 4 red molds 58 gnomes 10 garter snakes 2 manes a gnome zombie 12 jackals a fox a kobold 12 newts 2 goblins 11 sewer rats 8 grid bugs 4 bats 2 lichens 321 creatures vanquished. Voluntary challenges: You did not have reflection. You were not displaced. You had been an atheist until turn 4655. You used a wielded weapon 379 times, starting on turn 219. You did not use plumbed fixtures. You did not drink any magical draughts. You read items or engraved 4 times, starting on turn 4653. You never genocided any monsters. You never polymorphed an object. You never changed form. You completed Sokoban on turn 7604, according to the rules. You used no wishes. You never split a pudding. You never wrote Elbereth's name. You never violated your personal moral code. Dungeon overview: The Dungeons of Doom: levels 1 to 8 Level 1 some fountains a long staircase Level 2 an armor shop Level 3 a general store stairs to The Gnomish Mines Level 4 a fountain Level 5 a general store, an altar to Crom, some fountains Level 6 many fountains Level 7 a fountain stairs to Sokoban Level 8 a fountain The Gnomish Mines: levels 4 to 11 Level 4 stairs to The Dungeons of Doom Level 5 Level 6 Level 7 many shops, a temple to Mitra, a magic chest, some trees Level 8 Level 9 <- You were here Level 10 Level 11 a magic chest, a fountain Sokoban: levels 3 to 6 Level 3 (green dragon) a magic chest Level 4 Level 5 Level 6 an altar to Crom, a magic chest stairs to The Dungeons of Doom History has recorded: On T:1 you entered the Dungeons of Doom to retrieve the Amulet of Yendor! On T:511 you reached level 2 of The Dungeons of Doom. On T:834 you reached level 3 of The Dungeons of Doom. On T:1110 you advanced to experience level 2. On T:1314 you advanced to experience level 3. On T:1381 you advanced to experience level 4. On T:1953 you reached level 1 of The Gnomish Mines. On T:2397 you reached level 4 of The Dungeons of Doom. On T:2786 you reached level 5 of The Dungeons of Doom. On T:3447 you advanced to experience level 5. On T:4067 you reached level 6 of The Dungeons of Doom. On T:4167 you reached level 8 of The Dungeons of Doom. On T:4171 you advanced to experience level 6. On T:4271 you reached level 7 of The Dungeons of Doom. On T:4574 you reached level 4 of Sokoban. On T:4649 you opened a magic chest. On T:5248 you advanced to experience level 7. On T:5384 you reached level 3 of Sokoban. On T:5565 you reached level 2 of Sokoban. On T:6005 you reached level 1 of Sokoban. On T:7604 you advanced to experience level 8. On T:7604 you entered the Sokoban zoo. On T:8862 you reached level 2 of The Gnomish Mines. On T:9258 you reached level 3 of The Gnomish Mines. On T:9872 you reached level 4 of The Gnomish Mines. On T:10135 you reached level 5 of The Gnomish Mines. On T:10534 you entered the Minetown temple On T:10891 you reached level 7 of The Gnomish Mines. On T:11014 you reached level 8 of The Gnomish Mines. On T:11014 you reached the bottom of the Mines. On T:11027 you advanced to experience level 9. On T:11908 you prayed to Mitra. On T:11987 you reached level 6 of The Gnomish Mines. On T:12981 you prayed to Mitra. Score breakdown: Gold: 2315 ( 231 points) Experience: 9 levels ( 800 points) Exploration: 11 levels ( 300 points) Discoveries: 25 items ( 1250 points) Variety of kills: 87 monsters ( 2000 points) Major goal: Sokoban/Mines ( 1500 points) Survival: died (score multiplied by 3) Total score: 18243 Latest messages: You swing your battle-axe named Mighty Axe in a wide arc. You kill the young orange dragon! There are several objects here. This young orange dragon corpse tastes terrible! You hear crashing rock. You stop eating. (2x) The gryphon pecks! The gryphon claws you! (2x) You begin praying to Mitra. You are surrounded by a shimmering light. The gryphon starts to attack you, but pulls back. (6x) You feel that Mitra is well-pleased. You feel much better. You swing your battle-axe named Mighty Axe in a wide arc. You smite the gryphon! The gryphon pecks! The gryphon claws you! (2x) The gryphon pecks! The gryphon claws you! (2x) You swing your battle-axe named Mighty Axe in a wide arc. You smite the gryphon! You hear crashing rock. The gryphon pecks! The gryphon claws you! (2x) You die... Final status: Goodbye woodfighter the Barbarian, killed by a gryphon... You died in The Gnomish Mines on dungeon level 9 with 18243 points, and 2315 pieces of gold, after 12985 moves. You were level 9 with a maximum of 74 hit points when you died.